Map: Acid Plant LE

Players

LiquidTLO (TLO)

  • Race: Zerg Zerg
  • Spawn Location: 11:00

BlueCheese - Winner!

  • Race: Terran Terran
  • Spawn Location: 5:00

Event: WCS Leipzig 2018

VOD

Have the link to the VOD?

Description

Time

  • Played on: Jan. 26, 2018, 8:12 a.m.
  • Length: 16:33

All games in this series

Show
View Real Time Build Order
Export as new Build Order

LiquidTLO Zerg 

Build Orders: Hatch First 

Get SALT Encoding   

  12  0:00  Drone  
  13  0:13  Overlord  
  13  0:17  Drone  
  14  0:34  Drone x2  
  16  0:36  Drone  
  17  0:53  Hatchery  
  17  0:56  Drone  
  17  1:00  Drone  
  18  1:05  Extractor  
  17  1:15  Spawning Pool  
  17  1:17  Drone  
  17  1:21  Drone  
  18  1:30  Drone  
  19  1:39  Overlord  
  19  1:50  Drone  
  20  2:02  Drone, Queen  
  20  2:04  Metabolic Boost  
  20  2:06  Queen  
  25  2:08  Drone  
  26  2:16  Zergling x2  
  26  2:17  Drone  
  28  2:25  Drone  
  29  2:33  Hatchery  
  29  2:35  Drone  
  29  2:38  Drone  
  29  2:44  Queen  
  30  2:49  Overlord  
  32  2:51  Drone  
  32  2:53  Drone  
  32  2:55  Drone  
  35  3:03  Drone  
  36  3:08  Zergling x2  
  36  3:09  Zergling x2  
  36  3:11  Drone x2  
  40  3:13  Drone x2  
  40  3:16  Queen  
  40  3:19  Overlord  
  44  3:31  Overlord  
  44  3:37  Queen  
  44  3:39  Drone x2  
  48  3:41  Drone  
  48  3:42  Drone x2  
  48  3:46  Drone  
  51  3:54  Baneling Nest, Queen x2  
  54  3:57  Drone  
  54  3:58  Drone  
  56  4:04  Drone x2  
  56  4:07  Drone  
  56  4:08  Drone  
  56  4:09  Zergling x4  
  63  4:10  Drone  
  63  4:13  Overlord  
  63  4:18  Drone  
  63  4:22  Zergling x4  
  66  4:26  Overlord x2  
  65  4:33  Spine Crawler  
  65  4:37  Baneling  
  65  4:38  Baneling x5  
  64  4:44  Spore Crawler  
  61  4:46  Spore Crawler  
  61  4:47  Overlord  
  61  4:50  Drone  
  61  4:53  Spore Crawler  
  57  5:01  Drone  
  57  5:02  Drone x8  
  57  5:05  Drone  
  67  5:09  Drone  
  67  5:12  Drone x2  
  68  5:15  Drone, Spore Crawler  
  68  5:18  Drone, Zergling x4  
  68  5:20  Zergling x4  
  73  5:21  Drone  
  73  5:22  Drone x2  
  76  5:30  Extractor, Zergling x2, Evolution Chamber  
  76  5:31  Zergling x2  
  76  5:32  Extractor, Evolution Chamber  
  76  5:33  Drone, Extractor  
  76  5:34  Extractor  
  76  5:35  Extractor  
  72  5:37  Drone  
  72  5:41  Baneling x3  
  73  5:43  Drone x2  
  73  5:45  Drone  
  73  5:49  Drone, Hatchery  
  76  5:52  Drone  
  76  5:55  Drone  
  76  5:56  Drone  
  79  5:57  Drone x3  
  79  6:00  Drone  
  79  6:03  Lair  
  83  6:04  Drone  
  83  6:09  Drone  
  85  6:11  Drone  
  85  6:16  Drone  
  85  6:17  Zerg Ground Armor Level 1, Zerg Melee Weapons Level 1, Spore Crawler  
  85  6:18  Drone  
  87  6:19  Drone  
  87  6:20  Drone  
  87  6:24  Overlord  
  87  6:25  Drone  
  88  6:28  Baneling, Overlord  
  88  6:29  Baneling  
  88  6:30  Overlord  
  88  6:32  Overlord  
  88  6:33  Zergling x2  
  88  6:37  Overlord  
  88  6:38  Evolution Chamber  
  87  6:44  Overlord  
  87  6:45  Zergling x2  
  87  6:46  Zergling x2  
  87  6:47  Zergling x6  
  91  6:48  Baneling x4, Zergling x2  
  91  6:52  Zergling x6  
  91  6:53  Zergling x2  
  97  6:55  Drone  
  98  7:05  Centrifical Hooks, Hydralisk Den, Zerg Missile Weapons Level 1  
  98  7:06  Drone  
  98  7:07  Drone x3  
  98  7:08  Drone  
  99  7:11  Baneling x3  
  99  7:15  Zergling x2  
  99  7:18  Zergling x4  
  99  7:22  Zergling x2  
  93  7:31  Drone  
  93  7:32  Spore Crawler x2  
  93  7:34  Muscular Augments  
  93  7:35  Hydralisk x7  
  106  7:38  Hydralisk  
  106  7:39  Hydralisk  
  110  7:44  Hydralisk x2  
  110  7:47  Hydralisk  
  110  7:50  Spine Crawler  
  115  7:53  Hydralisk  
  115  7:54  Hydralisk  
  115  7:55  Hydralisk  
  115  7:56  Hydralisk  
  123  8:02  Drone x3  
  123  8:05  Zergling x2  
  127  8:07  Overlord  
  127  8:10  Zergling x2  
  127  8:11  Zergling x8  
  127  8:12  Zerg Ground Armor Level 2  
  132  8:18  Zergling x10  
  132  8:19  Zergling x2  
  138  8:21  Zerg Melee Weapons Level 2  
  138  8:28  Drone, Infestation Pit  
  138  8:31  Baneling, Zergling x2  
  138  8:32  Zergling x10  
  138  8:33  Zergling x4  
  146  8:45  Zergling x2  
  146  8:46  Zergling x4  
  133  8:48  Zergling x2  
  133  8:49  Zergling x2  
  133  8:51  Zergling x2  
  133  8:53  Zergling x12  
  133  8:54  Zergling x2  
  131  8:56  Zergling x2  
  131  8:58  Zergling x2  
  131  9:00  Zergling x2  
  131  9:01  Zergling x2  
  131  9:02  Zergling x2  
  134  9:06  Infestation Pit  
  134  9:07  Zergling x2  
  134  9:15  Zergling x2  
  135  9:17  Zergling x2  
  135  9:18  Zergling x2  
  135  9:19  Zergling x2  
  138  9:29  Baneling x5, Evolution Chamber  
  137  9:32  Zergling x2, Evolution Chamber  
  137  9:33  Drone x2  
  137  9:34  Hatchery  
  137  9:35  Baneling x2  
  137  9:36  Zergling x12, Hydralisk x2  
  148  9:38  Hydralisk  
  148  9:43  Overlord  
  148  9:45  Hive  
  150  9:50  Extractor, Zergling x2  
  150  9:51  Zergling x2  
  151  9:55  Overlord  
  151  9:59  Overlord x4  
  151  10:01  Baneling x2  
  151  10:02  Overlord  
  151  10:04  Overlord  
  149  10:17  Hydralisk  
  149  10:18  Hydralisk x6  
  163  10:23  Baneling x3  
  162  10:30  Zerg Missile Weapons Level 2  
  162  10:34  Hydralisk x3  
  162  10:35  Hydralisk  
  165  10:36  Zergling x2  
  166  10:43  Zergling x6  
  166  10:46  Zergling x2  
  170  10:52  Zergling x2  
  170  10:55  Zergling x2  
  170  10:56  Zergling x2  
  170  10:57  Zergling x6  
  167  10:58  Zergling x2  
  167  11:01  Viper x4  
  167  11:04  Hatchery  
  177  11:05  Ultralisk Cavern  
  177  11:10  Hydralisk x6  
  177  11:11  Hydralisk  
  184  11:13  Baneling x4  
  184  11:14  Baneling  
  184  11:15  Zergling x2  
  187  11:23  Zergling x12  
  187  11:24  Zergling x12  
  194  11:28  Zergling x4  
  194  11:29  Zergling x2  
  192  11:33  Zergling x2  
  192  11:34  Zergling x2  
  188  11:41  Zergling x2  
  188  11:42  Zergling x6  
  188  11:43  Zergling x4  
  188  11:44  Hydralisk  
  188  11:45  Hydralisk  
  194  11:47  Zergling x2  
  194  11:48  Baneling, Zergling x2  
  194  11:49  Baneling x4  
  194  11:52  Zergling x2  
  195  11:54  Chitinous Plating  
  195  11:59  Zergling x2  
  178  12:04  Ultralisk  
  178  12:08  Ultralisk  
  174  12:09  Ultralisk  
  174  12:11  Baneling x3  
  180  12:22  Ultralisk  
  186  12:24  Overlord  
  186  12:25  Zergling x2  
  186  12:26  Zergling x2  
  186  12:28  Zergling x2  
  189  12:32  Zergling x2  
  189  12:33  Zergling x4  
  189  12:35  Zergling x4  
  189  12:36  Zergling x4  
  195  12:41  Zergling x2  
  194  12:45  Zergling x4  
  194  12:48  Zergling x4  
  194  12:49  Zergling x2  
  199  12:56  Hatchery  
  194  13:08  Ultralisk  
  132  13:20  Ultralisk x3  
  132  13:21  Ultralisk, Zergling x2  
  128  13:28  Ultralisk  
  119  13:38  Ultralisk, Zergling x2  
  119  13:39  Zergling x2  
  124  13:43  Zergling x4  
  124  13:44  Zergling x4  
  127  13:52  Zergling x2  
  127  13:53  Zergling x2  
  129  14:00  Hydralisk  
  131  14:03  Zergling x2  
  131  14:05  Drone x2  
  131  14:09  Drone x2  
  137  14:10  Drone  
  137  14:16  Hydralisk x2  
  141  14:17  Zergling x2  
  141  14:18  Drone  
  141  14:19  Drone  
  143  14:30  Hydralisk x4  
  151  14:31  Zergling x4  
  151  14:33  Hydralisk  
  151  14:35  Baneling  
  151  14:36  Zergling x2  
  151  14:38  Zergling x2  
  148  14:49  Ultralisk  
  148  14:50  Zergling x2  
  148  14:51  Zergling x2  
  148  14:52  Zergling x2  
  143  14:54  Hydralisk x2  
  143  14:56  Hydralisk  
  143  14:59  Hydralisk  
  144  15:01  Zergling x4, Hydralisk  
  144  15:03  Zergling x2  
  144  15:04  Zergling x2  
  144  15:05  Zergling x4  
  146  15:10  Drone x2  
  146  15:13  Zergling x6  
  146  15:14  Zergling x2  
  138  15:23  Zergling x2  
  138  15:24  Zergling x2  
  138  15:26  Baneling x4  
  138  15:27  Zergling x2  
  137  15:33  Hydralisk x3  
  137  15:35  Hydralisk x2  
  123  15:44  Zergling x2  
  122  15:50  Ultralisk  
  132  16:06  Zergling x6  
  132  16:07  Zergling x2  
  124  16:15  Zergling x2  
Show
View Real Time Build Order
Export as new Build Order

BlueCheese Terran - Winner!

Build Orders: Gas First Reaper Expand, Reaper Expand, Bio Tank, Hellion Banshee 

Get SALT Encoding   

  12  0:00  SCV  
  13  0:12  SCV  
  14  0:17  Supply Depot  
  14  0:24  SCV  
  15  0:30  Refinery  
  15  0:39  SCV  
  16  0:45  Barracks  
  16  0:51  SCV  
  17  1:03  SCV  
  18  1:15  SCV  
  19  1:31  Reaper  
  19  1:32  Orbital Command  
  20  1:44  Command Center  
  20  1:54  Factory  
  20  1:58  SCV  
  21  2:07  Barracks Reactor  
  21  2:08  Supply Depot  
  21  2:10  SCV  
  22  2:17  Refinery  
  22  2:23  SCV  
  23  2:35  SCV  
  24  2:39  Hellion  
  26  2:44  Starport, Marine x2  
  26  2:49  SCV  
  29  2:56  Orbital Command  
  29  3:01  SCV  
  30  3:10  Hellion x2  
  34  3:15  SCV, Marine  
  36  3:20  Medivac  
  36  3:23  SCV  
  39  3:33  Supply Depot  
  39  3:34  Hellion  
  41  3:36  Hellion  
  41  3:37  Marine  
  44  3:42  SCV x2  
  46  3:50  Armory  
  46  3:54  Starport Tech Lab  
  49  4:02  Hellion x2  
  49  4:03  SCV x2  
  49  4:05  Supply Depot  
  51  4:14  Banshee, Cloaking Field  
  54  4:27  SCV, Hellion x2  
  54  4:28  Supply Depot  
  54  4:29  SCV  
  60  4:48  SCV  
  60  4:52  Command Center  
  53  5:01  Barracks Tech Lab  
  53  5:02  Banshee  
  53  5:04  SCV x2  
  56  5:07  Factory Tech Lab  
  56  5:08  Factory Reactor  
  56  5:10  Barracks  
  56  5:11  Barracks  
  56  5:16  SCV x2  
  56  5:20  Marine, Stimpack  
  56  5:28  SCV  
  56  5:29  SCV, Engineering Bay x2  
  56  5:34  Hellion x3  
  58  5:38  Marine  
  58  5:41  SCV x2  
  61  5:51  Refinery  
  61  5:52  Refinery  
  61  5:53  SCV x2, Starport Reactor  
  61  5:55  Marine  
  61  5:56  Siege Tank  
  67  5:57  Terran Infantry Weapons Level 1  
  67  6:03  Orbital Command  
  67  6:04  Hellion x4  
  67  6:05  SCV x2, Marine x3  
  67  6:06  Marine  
  67  6:08  Terran Infantry Armor Level 1  
  73  6:13  Marine  
  73  6:17  SCV  
  75  6:23  Marine x4  
  79  6:26  SCV  
  79  6:28  Siege Tank  
  79  6:29  SCV  
  79  6:31  Marine  
  85  6:32  Orbital Command  
  85  6:47  SCV, Marine x2  
  85  6:53  Supply Depot x3  
  85  6:55  SCV, Marine  
  85  6:57  Supply Depot, Marine x2  
  85  7:03  SCV, Medivac  
  85  7:05  Marine x2  
  85  7:07  SCV  
  85  7:10  Terran Vehicle Weapons Level 1  
  85  7:12  Barracks  
  85  7:13  Barracks  
  85  7:14  Marine  
  85  7:15  SCV x2, Marine x2  
  90  7:19  SCV  
  80  7:23  Marine x2  
  80  7:27  SCV x2  
  80  7:28  Supply Depot  
  84  7:30  Supply Depot  
  84  7:31  SCV, Supply Depot x2  
  84  7:32  Marine  
  84  7:33  Supply Depot, Marine x2  
  84  7:35  Medivac  
  84  7:36  Medivac  
  92  7:39  SCV x2  
  92  7:40  Marine  
  92  7:41  Supply Depot  
  92  7:43  SCV  
  96  7:48  Marine  
  96  7:50  Marine, Combat Shields  
  96  7:51  SCV, Marine  
  100  7:53  Terran Infantry Weapons Level 2  
  100  7:55  Supply Depot  
  100  7:57  Supply Depot  
  100  7:59  Barracks Tech Lab  
  100  8:00  Barracks Reactor  
  100  8:04  SCV, Factory  
  100  8:05  SCV  
  102  8:13  SCV  
  102  8:14  Marine x3  
  102  8:15  Marine x2  
  102  8:17  SCV x2  
  102  8:18  Supply Depot  
  102  8:19  Marine  
  111  8:23  Siege Tank  
  111  8:25  SCV  
  115  8:29  SCV  
  115  8:31  SCV  
  115  8:32  Marine x4  
  121  8:37  SCV, Marine x4  
  121  8:41  SCV  
  127  8:43  SCV  
  123  8:49  SCV  
  123  8:50  Marine x4  
  123  8:55  Factory Tech Lab, Marine x4, Siege Tank  
  127  9:01  Medivac x2  
  127  9:02  SCV x3  
  129  9:04  Command Center  
  129  9:08  Marine x4, Barracks  
  133  9:11  Barracks  
  133  9:12  Marine  
  133  9:13  Marine  
  133  9:16  Barracks  
  135  9:18  Siege Tank  
  135  9:21  Marine x2  
  140  9:25  Marine  
  140  9:26  Marine, Terran Infantry Armor Level 2  
  140  9:27  Siege Tank, Marine  
  140  9:28  Marine  
  140  9:30  Marine  
  148  9:34  Marine  
  148  9:35  Supply Depot  
  149  9:39  Marine x2  
  149  9:43  Marine x2  
  149  9:45  Medivac x2, Marine  
  153  9:47  Marine  
  153  9:48  Marine  
  153  9:52  Marine  
  161  9:54  Siege Tank  
  161  9:56  Supply Depot  
  161  9:57  Barracks Tech Lab, Marauder x2  
  168  10:00  Barracks Tech Lab  
  168  10:01  Marine  
  168  10:02  Barracks Reactor  
  168  10:03  Supply Depot x2  
  159  10:07  Terran Vehicle Weapons Level 2  
  159  10:08  Marine  
  159  10:13  Refinery  
  160  10:14  Refinery, Marine x2  
  160  10:15  Marine x2  
  160  10:19  Marauder x2  
  160  10:21  Refinery  
  168  10:22  Refinery  
  168  10:32  Terran Infantry Weapons Level 3  
  166  10:35  Marine x2  
  166  10:37  Marine x2  
  166  10:38  Marauder  
  166  10:40  Marauder  
  173  10:44  Marine x2, Marauder x2  
  173  10:45  Marine x2  
  181  10:53  Marine x2  
  181  10:55  Marine x2  
  185  10:57  Siege Tank  
  185  10:59  Marauder  
  185  11:01  Marauder  
  185  11:02  Marine x2  
  192  11:04  Supply Depot  
  192  11:06  Marauder x2  
  192  11:07  Supply Depot  
  192  11:09  Supply Depot  
  192  11:10  Supply Depot  
  194  11:15  Planetary Fortress  
  194  11:21  Marauder  
  191  11:28  Marine x4  
  191  11:29  Marauder  
  191  11:30  Marine x3, Marauder  
  196  11:44  Supply Depot  
  196  11:45  Supply Depot, Terran Infantry Armor Level 3  
  193  11:48  Supply Depot  
  191  11:58  Marine  
  191  11:59  Marine x4, Marauder  
  170  12:02  Marine x4, Marauder x2  
  170  12:05  Siege Tank x2  
  173  12:14  Medivac  
  175  12:17  Marine x4, Marauder  
  175  12:20  Marine x4  
  175  12:21  Marauder  
  187  12:23  Marauder  
  187  12:24  Marauder  
  191  12:34  Marine  
  191  12:35  Marine  
  188  12:38  Marine x5, Marauder  
  188  12:39  Medivac, Siege Tank  
  188  12:43  Marine  
  199  12:49  Marine x2  
  198  13:11  Marine x2, Marauder  
  198  13:12  Marine  
  183  13:13  Marauder x2  
  183  13:17  Marine, Marauder  
  161  13:21  Marine x3  
  161  13:24  Orbital Command  
  161  13:26  Siege Tank x2  
  149  13:33  Medivac, Marauder  
  149  13:34  Medivac, Marauder x2  
  159  13:35  Marine x2  
  159  13:39  Marauder  
  159  13:40  Terran Vehicle Weapons Level 3  
  163  13:47  Marine  
  164  13:54  Marauder  
  169  13:55  Marauder x2  
  169  13:58  Siege Tank  
  169  14:00  Marauder  
  169  14:01  Marine x3  
  177  14:03  Medivac  
  177  14:04  Medivac  
  181  14:16  Marauder, Marine  
  188  14:17  Marauder x2  
  188  14:21  Concussive Shells, Marauder  
  190  14:26  Barracks Tech Lab  
  188  14:32  Sensor Tower  
  188  14:37  Marauder  
  192  14:38  Marauder  
  192  14:42  Command Center  
  181  14:50  Marine  
  181  14:51  Marauder x3  
  173  14:55  Marine x2  
  173  14:58  Marauder  
  173  14:59  Marauder  
  176  15:00  Medivac  
  178  15:11  Siege Tank x2  
  178  15:12  Marauder x3  
  178  15:13  Marine  
  191  15:15  Marine  
  191  15:17  Supply Depot  
  191  15:20  Marauder  
  191  15:21  Marauder  
  196  15:34  Marauder  
  190  15:39  Marine x4, Marauder x2  
  190  15:40  Medivac x2  
  190  15:41  Marauder  
  190  15:42  Marauder  
  196  15:47  Marine x2  
  198  15:56  Planetary Fortress, Marauder  
  195  16:12  Marine  
Tags
 
Add a new tag
Caveats
  • Supply blocks, unpowered buildings, or Contaminate may cause inaccurate times.
  • Supply counts are checked every 10 seconds.